 Dungeon Crawl Stone Soup version 0.18.1-8-gdd0e5ea (webtiles) character file.

1280 Northaan the Digger (level 8, -8/43 HPs)
             Began as a Gargoyle Earth Elementalist on May 31, 2016.
             Was an Initiate of Vehumet.
             Mangled by an orc warrior
             ... wielding a +0 hand axe
              (11 damage)
             ... on level 6 of the Dungeon.
             The game lasted 00:14:33 (7883 turns).

Northaan the Digger (Gargoyle Earth Elementalist)   Turns: 7883, Time: 00:14:33

Health: -8/43      AC:  7    Str: 11    XL:     8   Next: 54%
Magic:  1/17       EV: 15    Int: 19    God:    Vehumet [......]
Gold:   208        SH:  0    Dex: 10    Spells: 3 memorised, 14 levels left

rFire  . . .     SeeInvis .     b - 126 stones
rCold  . . .     Gourm    .     a - +0 robe
rNeg   + . .     Faith    .     (no shield)
rPois  ∞         Spirit   .     (no helmet)
rElec  +         Dismiss  .     (no cloak)
rCorr  .         Reflect  .     (no gloves)
SustAt .         Harm     .     (no boots)
MR     .....                    (no amulet)
Stlth  ++........               l - +3 ring of evasion
                                n - ring of flight

@: very slightly contaminated, repel missiles, not resistant to hostile
enchantments, unstealthy
A: negative energy resistance 1, electricity resistance, unbreathing,
petrification resistance, rot immunity, AC +5
a: Renounce Religion, Evoke Flight


You were on level 6 of the Dungeon.
You worshipped Vehumet.
Vehumet was noncommittal.
You were not hungry.

You visited 2 branches of the dungeon, and saw 8 of its levels.

You collected 208 gold pieces.

Inventory:

Hand Weapons
 h - a +0 mace
 y - a +2 flail of holy wrath
Missiles
 b - 126 stones (in hand)
Armour
 a - a +0 robe (worn)
 t - a cursed +0 leather armour
 O - a +0 pair of boots
Jewellery
 k - an uncursed ring of ice
 l - a +3 ring of evasion (right hand)
 n - a ring of flight (left hand)
 H - a +4 amulet of reflection {unknown}
Wands
 e - a wand of acid (5/15)
 A - a wand of lightning (10/15)
 E - a wand of polymorph (11/24)
 I - a wand of teleportation (4/9)
 N - a wand of iceblast (9/15)
Scrolls
 g - a scroll of teleportation
 j - 5 scrolls of identify
 q - 3 scrolls of remove curse
 s - a scroll of recharging
 u - 2 scrolls of amnesia
 z - 2 scrolls of fog
 F - a scroll of brand weapon {unknown}
Potions
 i - a potion of berserk rage
 o - 2 potions of flight
 w - a potion of agility
 x - 2 potions of ambrosia {unknown}
 B - a potion of brilliance {unknown}
 C - a potion of lignification {unknown}
 G - a potion of beneficial mutation {unknown}
 J - a potion of cancellation {unknown}
 K - a potion of curing {unknown}
 L - a potion of heal wounds {unknown}
Books
 c - a book of Geomancy

   Spells                             Type                      Level
   a - Sandblast                      Earth                        1
   b - Passwall                       Transmutation/Earth          2
   c - Stone Arrow                    Conjuration/Earth            3
   d - Petrify                        Transmutation/Earth          4
   e - Lee's Rapid Deconstruction     Earth                        5
 D - a book of Air

   Spells                             Type                      Level
   a - Shock                          Conjuration/Air              1
   b - Swiftness                      Charms/Air                   2
   c - Repel Missiles                 Charms/Air                   2
   d - Static Discharge               Conjuration/Air              3
   e - Lightning Bolt                 Conjuration/Air              5
Comestibles
 d - 4 bread rations
 f - 3 meat rations
 m - 5 chunks of flesh
 r - 4 beef jerkies


   Skills:
 + Level 1.5 Fighting
 + Level 1.5 Maces & Flails
 + Level 1.5 Armour
 + Level 2.2 Dodging
 - Level 2.1 Stealth
 * Level 6.5 Spellcasting
 + Level 1.4 Charms
   Level 0.7 Transmutations
 - Level 2.0 Air Magic
 + Level 7.1 Earth Magic
 + Level 0.8 Evocations


You had 14 spell levels left.
You knew the following spells:

 Your Spells              Type           Power        Failure   Level  Hunger
a - Sandblast             Erth           ####..       1%          1    None
b - Stone Arrow           Conj/Erth      ###...       10%         3    ##.....
c - Repel Missiles        Chrm/Air       ##....       10%         2    None


Dungeon Overview and Level Annotations

Branches:
Dungeon (7/15)             Temple (1/1) D:6

Altars:
Ashenzari
Cheibriados
Dithmenos
Elyvilon
Fedhas
Gozag
Kikubaaqudgha
Makhleb
Nemelex Xobeh
Okawaru
Qazlal
Ru
Sif Muna
Trog
Vehumet
Xom
Yredelemnul
Zin
The Shining One


Innate Abilities, Weirdness & Mutations

You are resistant to torment.
Your stone body is resilient (AC +5).
You are immune to poison.
You resist negative energy.
You are resistant to electric shocks.
You can survive without breathing.
You are immune to petrification.
You are immune to rotting.


Message History

Aiming: Stone Arrow
Press: ? - help, Shift-Dir - straight line, f/p - orc warrior
Aim: an orc warrior, wielding a hand axe and wearing a plate armour (almost dead)
You miscast Stone Arrow.
You are very lightly contaminated with residual magic.
You are showered with tiny particles of grit.
The crimson imp shouts, "Away with thee, thou bootless sow-suckled bandersnitch!"
The crimson imp barely misses you.
The orc warrior hits you but does no damage.
Casting: Stone Arrow
Confirm with . or Enter, or press ? or * to list all spells.
Aiming: Stone Arrow
Press: ? - help, Shift-Dir - straight line, f/p - orc warrior
Aim: an orc warrior, wielding a hand axe and wearing a plate armour (almost dead)
The stone arrow misses the orc warrior.
The stone arrow hits the hound.
The hound is moderately wounded.
The crimson imp laughs crazily.
The crimson imp misses you.
The orc warrior hits you with a hand axe!
You die...

##.#.###.## #.# #.##.####.#
###.##### #.#...# #.#
#........
#########.#...###.###...#####
#...........[................
#.#########..##.#.##.........
#.# ##oy.##.##.......## #.#
#5####.###...#..# #.# #@# #.#
##..#..# #.#
#o####.####..#..# #.#
#ho.)))......#..# #.#
##.##.##.##.##..# #.#
#.##.##.##.##..## #.#
#.##.##.##.##.... #.#
#.##.#.....##.### #####.#
#.##..........# ......#
#.####..#######


You could see an orc warrior, a hound, a killer bee, a crimson imp and 2 orcs.

Vanquished Creatures
  An ogre (D:6)
  A phantom (D:6)
  3 giant frogs (D:6)
  2 scorpions
  A killer bee (D:6)
  The ghost of Thrillho the Sneak, a weakling VSEn (D:5)
  A centaur zombie (D:4)
  2 hounds
  A centaur skeleton (D:6)
  4 orc priests
  5 orc wizards
  Ijyb (D:2)
  Jessica (D:2)
  2 iguanas (D:5)
  A worker ant (D:6)
  A hound skeleton (D:4)
  A worker ant zombie (D:5)
  7 adders
  2 shadow imps
  An ooze (D:2)
  2 adder skeletons
  4 worms
  2 dart slugs
  5 giant geckos
  20 orcs
  8 bats
  2 giant cockroaches (D:1)
  5 goblins
  11 hobgoblins
  4 jackals
  10 kobolds
  10 quokkas
  2 ball pythons (D:1)
  A giant gecko skeleton (D:4)
  5 giant newts
  A jackal skeleton (D:4)
  6 rats
137 creatures vanquished.

Vanquished Creatures (others)
  A gnoll shaman (D:6)
  5 gnolls (D:6)
6 creatures vanquished.

Grand Total: 143 creatures vanquished

Notes
Turn   | Place    | Note
--------------------------------------------------------------
     0 | D:1      | Northaan the Gargoyle Earth Elementalist began the quest for the Orb.
     0 | D:1      | Reached XP level 1. HP: 10/10 MP: 3/3
   370 | D:1      | Reached XP level 2. HP: 7/15 MP: 5/5
   758 | D:1      | Reached skill level 4 in Earth Magic
  1059 | D:1      | Reached XP level 3. HP: 19/19 MP: 7/7
  1672 | D:2      | Noticed Ijyb
  1681 | D:2      | Killed Ijyb
  1681 | D:2      | Reached XP level 4. HP: 24/24 MP: 0/9
  1799 | D:2      | Noticed Jessica
  1803 | D:2      | Killed Jessica
  1987 | D:2      | Found a faded altar to an unknown god.
  2274 | D:2      | Reached XP level 5. HP: 25/28 MP: 10/10
  2319 | D:2      | Reached skill level 5 in Earth Magic
  3751 | D:3      | Reached XP level 6. HP: 29/32 MP: 7/13
  3761 | D:3      | Learned a level 3 spell: Stone Arrow
  4079 | D:4      | Reached skill level 5 in Spellcasting
  4183 | D:4      | Learned a level 2 spell: Repel Missiles
  4390 | D:5      | Entered Level 5 of the Dungeon
  4752 | D:5      | Reached skill level 6 in Earth Magic
  4849 | D:5      | Noticed Thrillho's ghost (weakling VSEn)
  4856 | D:5      | Killed Thrillho's ghost
  4861 | D:5      | Reached skill level 1 in Air Magic
  4861 | D:5      | Reached XP level 7. HP: 34/36 MP: 10/14
  5400 | D:5      | Found a shattered altar of Ashenzari.
  5477 | D:5      | Found a shadowy altar of Dithmenos.
  5478 | D:5      | Found a stormy altar of Qazlal.
  5478 | D:5      | Found a basalt altar of Yredelemnul.
  5478 | D:5      | Found a blossoming altar of Fedhas.
  5480 | D:5      | Found a bloodstained altar of Trog.
  5481 | D:5      | Found a shimmering altar of Xom.
  6659 | D:6      | Found a staircase to the Ecumenical Temple.
  6668 | Temple   | Entered the Ecumenical Temple
  6712 | Temple   | Became a worshipper of Vehumet
  6816 | D:6      | Reached skill level 1 in Fighting
  6816 | D:6      | Reached skill level 1 in Maces & Flails
  6816 | D:6      | Reached XP level 8. HP: 43/43 MP: 10/17
  7385 | D:7      | Reached skill level 1 in Armour
  7387 | D:7      | Noticed a gargoyle
  7738 | D:6      | Reached skill level 1 in Charms
  7756 | D:6      | Reached skill level 7 in Earth Magic
  7880 | D:6      | HP: 2/43 [orc warrior/hand axe (20)]
  7883 | D:6      | Mangled by an orc warrior

Skill      XL: |  1  2  3  4  5  6  7  8 |
---------------+-------------------------+-----
Earth Magic    | 4 5 6 7 |  7.1
Spellcasting   | 3 4 5 6 |  6.5
Air Magic      | 1 2 |  2.0
Fighting       | 1 |  1.5
Maces & Flails | 1 |  1.5
Armour         | 1 |  1.5
Dodging        | 2 |  2.2
Charms         | 1 |  1.4
Stealth        | |  2.1
Transmutations | |  0.7
Evocations     | |  0.8

Action                   |  1- 3 |  4- 6 |  7- 9 || total
-------------------------+-------+-------+-------++-------
Melee: Unarmed           |    37 |       |       ||    37
       Mace              |    66 |   132 |       ||   198
       Flail             |       |    65 |    71 ||   136
 Cast: Sandblast         |    19 |    53 |    36 ||   108
       Repel Missiles    |       |     1 |       ||     1
       Stone Arrow       |       |       |    33 ||    33
  Use: Scroll            |     3 |     1 |     5 ||     9
       Potion            |     3 |       |       ||     3
 Stab: Sleeping          |     5 |     2 |       ||     7
  Eat: Chunk             |     3 |    11 |     6 ||    20
       Meat ration       |       |       |     1 ||     1
Armor: Robe              |    50 |    85 |    29 ||   164
Dodge: Dodged            |    95 |   291 |   129 ||   515
       Deflected         |       |       |     1 ||     1
